 Dungeon Sprint DCSS version 0.20-a0-1020-g7b9e4fe (webtiles) character file.

192 Krakonus1 the Blocker (level 5, -11/45 HPs)
             Began as a Minotaur Fighter on Apr 18, 2017.
             Killed from afar by a deep elf mage (12 damage)
             ... with a stone arrow
             ... in the Dungeon (Sprint V: "Ziggurat Sprint").
             The game lasted 00:03:54 (171 turns).

Krakonus1 the Blocker (Minotaur Fighter)             Turns: 171, Time: 00:03:55

Health: -11/45     AC: 26    Str: 39    XL:     5   Next: 42%
Magic:  4/4        EV:  3    Int:  5    God:
Gold:   0          SH: 33    Dex:  9    Spells: 4/4 levels left

rFire    . . .     SeeInvis +   G - +14 obsidian axe {chop, +Fly SInv *Curse} (curse)
rCold    . . .     Gourm    .   I - +18 shield of the Gong {rElec rN+ MR+ EV-5}
rNeg     + . .     Faith    .   H - +15 Maxwell's patent armour {-Cast -Tele rElec MR+ rCorr}
rPois    .         Spirit   .   (helmet restricted)
rElec    +         Reflect  .   (no cloak)
rCorr    +         Harm     .   (no gloves)
MR       ++...     NoTele   +   (no boots) Stlth ..........NoCast +
                                (no amulet)
Regen    0.2/turn               A - +6 ring of strength
MPRegen  0.1/turn               B - +6 ring of strength

@: mighty, lethally poisoned (-11 -> -16), mesmerised
A: retaliatory headbutt, horns 2
a: Evoke Flight


You were in the Dungeon.
You were not hungry.

You visited 1 branch

Inventory:

Hand Weapons
 G - the cursed +14 obsidian axe (weapon) {chop, +Fly SInv *Curse}
   (You found it in the Dungeon)

   It inflicts extra damage upon your enemies.
   It lets you see invisible.
   It lets you fly.
   It curses itself when equipped.
   It has a curse placed upon it.
Armour
 H - the +15 Maxwell's patent armour (worn) {-Cast -Tele rElec MR+ rCorr}
   (You found it in the Dungeon)

   It insulates you from electricity.
   It affects your resistance to hostile enchantments.
   It prevents spellcasting.
   It prevents most forms of teleportation.
   It protects you from acid and corrosion.
 I - the +18 shield of the Gong (worn) {rElec rN+ MR+ EV-5}
   (You found it in the Dungeon)

   It affects your evasion (-5).
   It insulates you from electricity.
   It protects you from negative energy.
   It affects your resistance to hostile enchantments.
Jewellery
 w - a +6 ring of dexterity
 x - a +6 ring of dexterity
 y - a +6 ring of intelligence
 z - a +6 ring of intelligence
 A - a +6 ring of strength (left hand)
 B - a +6 ring of strength (right hand)
 J - an uncursed ring of flight
Wands
 C - a wand of disintegration (7/24)
 D - a wand of iceblast (5/15)
 E - a wand of lightning (5/15)
 F - a wand of acid (5/15)
Scrolls
 a - 4 scrolls of amnesia
 b - 3 scrolls of recharging
 c - 7 scrolls of fog
 k - 4 scrolls of blinking
 l - a scroll of holy word
 m - 5 scrolls of identify
 n - 5 scrolls of remove curse
 o - 2 scrolls of fear
Potions
 d - 5 potions of might
 e - 10 potions of curing
 g - 10 potions of heal wounds
 h - 6 potions of haste
 i - 7 potions of magic
 j - 3 potions of berserk rage
 p - 2 potions of brilliance
 q - 2 potions of invisibility
 r - 4 potions of resistance
 t - 5 potions of agility
Comestibles
 f - 5 bread rations
 s - 2 chunks of flesh
 u - 42 fruits
 v - 4 meat rations


   Skills:
 - Level 3.6 Fighting
 - Level 2.4 Axes
 - Level 3.6 Armour
 * Level 14.1 Shields


You had 4 spell levels left.
You didn't know any spells.

Dungeon Overview and Level Annotations

Branches:
Dungeon (1/1)

Altars:
Ashenzari
Cheibriados
Dithmenos
Elyvilon
Fedhas
Gozag
Hepliaklqana
Kikubaaqudgha
Makhleb
Nemelex Xobeh
Okawaru
Qazlal
Ru
Sif Muna
Trog
Uskayaw
Vehumet
Wu Jian
Xom
Yredelemnul
Zin
The Shining One
Beogh
Jiyva
Lugonu


Innate Abilities, Weirdness & Mutations

You reflexively headbutt those who attack you in melee.
You have a pair of horns on your head.


Message History

The scimitar of slicing is moderately damaged.
You closely miss the deep elf mage. You slice the water elemental!!
You destroy the water elemental!
Your Shields skill gained 3 levels and is now at level 14!
You have reached level 4!
You feel stronger.
You have reached level 5!
You feel sick.
You block the scimitar of slicing's attack.
GONNNNG!
The deep elf mage points at you and mumbles some strange words.
The bolt of magma hits you!
* * * LOW HITPOINT WARNING * * *
The glaive of venom hits you from afar!
* * * LOW HITPOINT WARNING * * *
You block the scimitar of slicing's attack.
GONNNNG!
The deep elf mage casts a spell at you. The stone arrow hits you!
You die...

▓▓▓▓▓▓▓▓▓▓▓▓▓▓▓▓▓▓▓
▓.8©8.▓.8©8.▓.8©8.▓
▓.)):.▓.|)..▓.....▓
▓..=..▓.....▓.).|.▓
▓.(...▓.....▓.÷...▓
▓..(e.▓.....▓.....▓
▓..@..▓.....▓.....▓
▓.....▓.....▓▓▓▓▓▓▓
▓▓▓▓▓▓▓▓▓▓▓▓▓


You could see a deep elf mage and 2 dancing weapons.

Vanquished Creatures
  A water elemental (D)
  A crimson imp (D)
  An adder (D)
  An ufetubus (D)
  A ball python (D)
  A quokka zombie (D)
6 creatures vanquished.

Vanquished Creatures (others)
  A spatial maelstrom (D)
1 creature vanquished.

Grand Total: 7 creatures vanquished

Notes
Turn   | Place    | Note
-------+----------+-------------------------------------------
     0 | D        | Krakonus1 the Minotaur Fighter began the quest for the Orb.
     0 | D        | Reached XP level 1. HP: 19/19 MP: 0/0
     2 | D        | Banished a spatial maelstrom
    13 | D        | Found a blossoming altar of Fedhas.
    14 | D        | Found a viscous altar of Jiyva.
    14 | D        | Found an ancient bone altar of Kikubaaqudgha.
    14 | D        | Found a hazy altar of Hepliaklqana.
    14 | D        | Found a corrupted altar of Lugonu.
    14 | D        | Found an opulent altar of Gozag.
    14 | D        | Found a burning altar of Makhleb.
    15 | D        | Found a sacrificial altar of Ru.
    15 | D        | Found a deep blue altar of Sif Muna.
    15 | D        | Found a stormy altar of Qazlal.
    15 | D        | Found a bloodstained altar of Trog.
    15 | D        | Found an iron altar of Okawaru.
    15 | D        | Found a sparkling altar of Nemelex Xobeh.
    99 | D        | Reached skill level 9 in Shields
    99 | D        | Reached XP level 2. HP: 26/26 MP: 1/1
   139 | D        | Entered arena 1.
   143 | D        | Reached skill level 10 in Shields
   150 | D        | Entered arena 2.
   150 | D        | Noticed a crimson imp
   162 | D        | Killed a crimson imp
   162 | D        | Reached skill level 11 in Shields
   162 | D        | Reached XP level 3. HP: 31/31 MP: 2/2
   167 | D        | Entered arena 3.
   167 | D        | Noticed a scimitar of slicing
   167 | D        | Noticed a deep elf mage
   167 | D        | Noticed a glaive of venom
   167 | D        | Noticed a water elemental
   171 | D        | Killed a water elemental
   171 | D        | Reached skill level 14 in Shields
   171 | D        | Reached XP level 4. HP: 17/39 MP: 3/3
   171 | D        | Reached XP level 5. HP: 20/45 MP: 4/4
   171 | D        | HP: 1/45 [glaive of venom (7)]
   171 | D        | Killed from afar by a deep elf mage

Vault maps used:
D:        sprint_v

Skill      XL: |  1  2  3 |
---------------+----------+-----
Shields        | 9 11 14 | 14.1
Fighting       | |  3.6
Axes           | |  2.4
Armour         | |  3.6

Action                   |  1- 3 |  4- 6 || total
-------------------------+-------+-------++-------
Melee: Broad axe         |    15 |       ||    15
       Headbutt          |     1 |       ||     1
  Use: Potion            |     2 |       ||     2
Armor: Plate armour      |     1 |       ||     1
Block: Shield            |    24 |     2 ||    26
